 Dungeon Crawl Stone Soup version 0.31-a0-229-g1fc7ce93e2 (webtiles) character file.

Game seed: 9777303268514469808

464 qw the Shooter (level 7, -8/43 HPs)
             Began as a Gargoyle Hexslinger on July 6, 2023.
             Mangled by an ogre
             ... wielding a +0 giant club
              (12 damage)
             ... on level 4 of the Dungeon.
             The game lasted 00:01:41 (3172 turns).

qw the Shooter (Gargoyle Hexslinger)                Turns: 3172, Time: 00:01:41

Health: -8/43      AC: 11    Str: 11    XL:     7   Next: 7%
Magic:  8/8        EV: 10    Int: 14    God:
Gold:   121        SH:  0    Dex: 14    Spells: 7/8 levels left

rFire   . . .        Y - +1 sling
rCold   . . .        (no shield)
rNeg    + . .        d - +0 ring mail
rPois   inf          b - +1 hat
rElec   +            (no cloak)
rCorr   .            (no gloves)
SInv    .            (no boots)
Will    .....        (no amulet)
Stlth   +            (no ring)
HPRegen 0.27/turn    (no ring)
MPRegen 0.11/turn

%: no passive effects
@: no status effects
A: sickness immunity, AC +4, negative energy resistance 1, electricity
resistance, torment resistance 1, petrification resistance
a: no special abilities


You were on level 4 of the Dungeon.
You visited 1 branch of the dungeon, and saw 4 of its levels.

You collected 253 gold pieces.
You spent 132 gold pieces at shops.


Innate Abilities, Weirdness & Mutations

You are immune to sickness and miasma.
Your stone body is resilient. (AC +4)
You are immune to poison.
You resist negative energy. (rN+)
You are resistant to electric shocks. (rElec)
You are resistant to unholy torment.
You are immune to petrification.


   Skills:
 - Level 4.2 Fighting
 + Level 6.1 Ranged Weapons
 - Level 1.3 Armour
 - Level 1.5 Dodging
 - Level 1.0 Spellcasting
 - Level 2.6 Hexes


You had 7 spell levels left.
You knew the following spells:

 Your Spells              Type           Power      Damage    Failure   Level
a - Slow                  Hex            32%        N/A       21%         1

Your spell library contained the following spells:

 Spells                   Type           Power      Damage    Failure   Level
 Inner Flame              Hex/Fire       4%         N/A       71%         3
 Portal Projectile        Hex/Tloc       8%         N/A       71%         3
 Cause Fear               Hex            4%         N/A       90%         4

Inventory:

Hand Weapons
 Y - a +1 sling (weapon)
Armour
 b - a +1 hat (worn)
 d - a +0 ring mail (worn)
 j - a +0 pair of gloves
Scrolls
 e - a scroll of identify
 i - 2 scrolls of immolation {unknown}
 k - a scroll of silence {unknown}
Potions
 a - a potion of mutation
 c - 2 potions of might
 g - a potion of enlightenment {unknown}
 h - 3 potions of curing

Dungeon Overview and Level Annotations

Branches:
Dungeon (4/15)
 Temple: D:4-7

Altars:
Cheibriados

Shops:
D:1 [   D:4 *

Annotations:
D:3 2 runed translucent doors, qw's ghost, amateur GrHs


Message History

An adder, a goblin, an endoplasm, an ogre and a dart slug come into view.
The adder hisses angrily.
The goblin shouts!
The endoplasm quivers.
The ogre shouts!
Found a plate armour and an iron wand.
Enter note:
Enter note:
Enter note:
Enter note:
Enter note:
Enter note:
Enter note:
Enter note:
Enter note: You shoot a sling bullet.
The sling bullet hits the ogre but does no damage.
The ogre completely misses you.
You shoot a sling bullet. The sling bullet hits the ogre.
The ogre is lightly wounded.
The ogre hits you with a +0 giant club!
You shoot a sling bullet. The sling bullet hits the ogre.
The ogre is lightly wounded.
The ogre hits you with a +0 giant club.
You shoot a sling bullet.
The sling bullet hits the ogre but does no damage.
The ogre is lightly wounded.
The ogre misses you.
You shoot a sling bullet. The sling bullet hits the ogre!
The ogre is moderately wounded.
You shoot a sling bullet. The sling bullet hits the ogre.
The ogre is moderately wounded.
The ogre hits you with a +0 giant club!!
Ouch! That really hurt!
You shoot a sling bullet. The sling bullet hits the ogre.
The ogre is heavily wounded.
The ogre barely misses you.
You shoot a sling bullet. The sling bullet hits the ogre.
The ogre is severely wounded.
The ogre hits you with a +0 giant club!
You die...

##....................##..#
#........##########...##..#
##...######..## #.P.##..# #
....##..##....# #.P.#..#######
....#...%'....#### #.P.#..###>...
....#....##..##..###.P.#..##..#..
.#####..###'#'....##......##.##.#
.##..#+##...##....##......##.##.#
.'....##.....##.@####.#......#..#
##....#.......##O# #.....###..##
###..##...8..(##Sw ##..<.###.##
#.##%##......)#.gJ[ ##....#...#
#.##..##.....##.../##...#...###
#.#....##...##+#..##..#.#..##
..#....'#%### ####.....#>..#
..##..##..## #....###.)..#####
...####....+ #....##..#.......


You could see an ogre, an adder, a dart slug, an endoplasm and a goblin.

Vanquished Creatures
  A phantom (D:4)
  A jelly (D:4)
  2 hounds (D:4)
  An iguana (D:4)
  2 orc wizards (D:3)
  A gnoll (D:3)
  10 adders
  2 worms
  7 dart slugs
  9 orcs
  13 ball pythons
  9 endoplasms
  4 giant cockroaches
  7 hobgoblins
  4 jackals (D:1)
  8 quokkas
  2 bats
  5 frilled lizards
  5 goblins
  9 kobolds
  5 rats
107 creatures vanquished.

Notes
Turn   | Place    | Note
-------+----------+-------------------------------------------
     0 | D:1      | qw the Gargoyle Hexslinger began the quest for the Orb.
     0 | D:1      | Reached XP level 1. HP: 12/12 MP: 2/2
     0 | D:1      | 0 ||| qw: Version: 0.3-a-46-gb1f654a
     0 | D:1      | 0 ||| qw: Game counter: 1282
     0 | D:1      | 0 ||| qw: Melee chars always use a shield: true
     0 | D:1      | 0 ||| qw: God list: Okawaru
     0 | D:1      | 0 ||| qw: Allow faded altars: false
     0 | D:1      | 0 ||| qw: Do Orc after clearing Dungeon:15 true
     0 | D:1      | 0 ||| qw: Do second Lair branch before Depths: true
     0 | D:1      | 0 ||| qw: Lair rune preference: random
     0 | D:1      | 0 ||| qw: Goals: Normal
     0 | D:1      | 0 ||| PLANNING D:1-11
    51 | D:1      | Found Suivuubb's Armour Emporium.
    60 | D:1      | 60 ||| SHOPLISTING +0 leather armour (24 gold, have 1).
    60 | D:1      | 60 ||| SHOPLISTING +0 leather armour of fire resistance
                  | (108 gold, have 1).
    60 | D:1      | 60 ||| SHOPLISTING +0 pair of boots of stealth (138 gold,
                  | have 1).
    60 | D:1      | 60 ||| SHOPLISTING +0 ring mail (48 gold, have 1).
    60 | D:1      | 60 ||| SHOPLISTING +1 leather armour of Okawaru's
                  | Benevolence {rF+++ Int-2 Dex+2 Stlth+} (621 gold, have 1).
    60 | D:1      | 60 ||| SHOPLISTING +1 leather armour of willpower (168
                  | gold, have 1).
    60 | D:1      | 60 ||| SHOPLISTING +2 helmet of see invisible (258 gold,
                  | have 1).
    60 | D:1      | 60 ||| SHOPLISTING +2 robe of willpower (212 gold, have 1).
    71 | D:1      | Found a faded altar of an unknown god.
    74 | D:1      | 74 ||| Stepping ~*~*~tactically~*~*~ (outnumbered).
    81 | D:1      | Reached XP level 2. HP: 13/16 MP: 3/3
   175 | D:1      | Reached skill level 3 in Ranged Weapons
   217 | D:1      | You fall into a shaft and drop 1 floor!
   222 | D:2      | 222 ||| READING scroll labelled BIAMUCH CUSM.
   232 | D:2      | 232 ||| DROPPING scroll of poison.
   322 | D:1      | Reached XP level 3. HP: 18/21 MP: 4/4
   909 | D:1      | 909 ||| UPGRADING to +0 ring mail.
   919 | D:1      | 919 ||| DROPPING +0 robe.
   920 | D:1      | 920 ||| READING scroll labelled QUCHAU JUJUPSA.
   921 | D:1      | 921 ||| READING scroll labelled TIYTAUGETU.
   922 | D:1      | 922 ||| READING 3 scrolls labelled DAEHIH EPUCIKI.
  1267 | D:2      | Reached XP level 4. HP: 26/26 MP: 5/5
  1282 | D:2      | Reached skill level 4 in Ranged Weapons
  1383 | D:2      | Reached skill level 1 in Armour
  1686 | D:2      | 1686 ||| UPGRADING to +1 hat.
  1691 | D:2      | 1691 ||| READING scroll labelled RASIKOTAED.
  1692 | D:2      | 1692 ||| DRINKING 2 murky pink potions.
  1722 | D:2      | 1722 ||| READING 3 scrolls of identify.
  1722 | D:2      | 1722 ||| IDENTIFYING black potion
  1723 | D:2      | 1723 ||| READING 2 scrolls of identify.
  1723 | D:2      | 1723 ||| IDENTIFYING smoky ruby potion
  1724 | D:2      | 1724 ||| DROPPING potion of lignification.
  1838 | D:3      | Found a large runed translucent door.
  1838 | D:3      | Found a large runed translucent door.
  1850 | D:3      | Noticed qw's ghost (amateur GrHs)
  1886 | D:3      | Reached XP level 5. HP: 30/30 MP: 6/6
  1996 | D:3      | Reached skill level 5 in Ranged Weapons
  2217 | D:3      | Reached skill level 3 in Fighting
  2324 | D:3      | 2324 ||| READING scroll labelled GEXKIE CATTEIPE.
  2327 | D:3      | 2327 ||| DRINKING 2 ruby potions.
  2328 | D:3      | 2328 ||| READING 2 scrolls of identify.
  2328 | D:3      | 2328 ||| IDENTIFYING bubbling ruby potion
  2344 | D:4      | Reached XP level 6. HP: 37/37 MP: 7/7
  2410 | D:4      | Found a snail-covered altar of Cheibriados.
  2701 | D:4      | Reached skill level 6 in Ranged Weapons
  2827 | D:4      | Found Tyge's Assorted Antiques.
  2837 | D:4      | 2837 ||| BUYING pair of gloves (108 gold).
  2837 | D:4      | Bought a pair of gloves for 108 gold pieces
  2837 | D:4      | 2837 ||| SHOPLISTING pitted sling (156 gold, have 94).
  2837 | D:4      | 2837 ||| BUYING scroll labelled UGUCARE GIPLAUMEE (24
                  | gold).
  2837 | D:4      | Bought a scroll labelled UGUCARE GIPLAUMEE for 24 gold
                  | pieces
  2997 | D:4      | HP: 7/37 [acid (8)]
  2998 | D:4      | 2998 ||| DRINKING potion of heal wounds.
  3130 | D:4      | Reached XP level 7. HP: 40/43 MP: 8/8
  3170 | D:4      | HP: 4/43 [ogre/+0 giant club (22)]
  3172 | D:4      | Mangled by an ogre

Levels and vault maps discovered:
D:1:      wheals_arrival_linesprint, layout_basic, basic_ecumenical_altar,
          serial_shops, nicolae_square_shop
D:2:      layout_basic
D:3:      minmay_angry_zag, layout_rooms, ebering_ghost_disaster_area
D:4:      minmay_bubble_buster, layout_rooms, mainiacjoe_overflow_boulevard,
          serial_shops, nicolae_shop_tiny_glass, st_stairs_4

Skill      XL: |  1  2  3  4  5  6 |
---------------+-------------------+-----
Ranged Weapons | 3 4 5 6 |  6.1
Fighting       | 2 3 4 |  4.2
Armour         | 1 |  1.3
Dodging        | |  1.5
Spellcasting   | |  1.0
Hexes          | |  2.6

Action                     |  1- 3 |  4- 6 |  7- 9 || total
---------------------------+-------+-------+-------++-------
   Fire: Sling             |   135 |   341 |    12 ||   488
    Use: Scroll            |     4 |     5 |       ||     9
         Potion            |       |     3 |       ||     3
 Armour: Robe              |    11 |       |       ||    11
         Ring mail         |    26 |   140 |     1 ||   167
  Dodge: Dodged            |    47 |   113 |     3 ||   163

Table legend:
 A = Non-vault XP
 B = Vault XP
 C = Vault XP percentage of total XP
 D = Non-vault monster count
 E = Vault monster count
 F = Vault count percentage of total count
                 A         B        C        D         E       F
            +---------+---------+-------+---------+---------+-------
      Total |     509 |     154 |  23.2 |      90 |      17 |  15.9
            +---------+---------+-------+---------+---------+-------
        D:1 |      50 |       0 |   0.0 |      27 |       0 |   0.0
        D:2 |     100 |       0 |   0.0 |      18 |       0 |   0.0
        D:3 |     147 |      21 |  12.5 |      24 |       5 |  17.2
        D:4 |     212 |     133 |  38.6 |      21 |      12 |  36.4
            +---------+---------+-------+---------+---------+-------
